 Dungeon Crawl Stone Soup version 0.18-a0-917-g8a3da5b (webtiles) character file.

243 4thArraOfDagon the Chopper (level 5, 0/46 HPs)
             Began as a Draconian Gladiator on Dec 26, 2015.
             Shot with an arrow by a centaur (9 damage)
             ... on level 5 of the Dungeon.
             The game lasted 00:04:32 (730 turns).

4thArraOfDagon the Chopper (Draconian Gladiator)     Turns: 730, Time: 00:04:33

Health: 0/46       AC:  6    Str: 17    XL:     5   Next: 82%
Magic:  5/5        EV: 13    Int: 10    God:
Gold:   109        SH:  0    Dex: 11    Spells: 0 memorised, 4 levels left

rFire  . . .     SeeInvis .     a - +0 war axe
rCold  . . .     Gourm    .     (armour unavailable)
rNeg   . . .     Faith    .     (no shield)
rPois  .         Spirit   .     b - +0 hat
rElec  .         Dismiss  .     (no cloak)
rCorr  .         Reflect  .     (no gloves)
SustAt .         Harm     .     j - +0 pair of boots
MR     .....                    (no amulet)
Stlth  +.........               (no ring)
                                (no ring)

@: very slightly contaminated, invisible (expiring), not resistant to hostile
enchantments, very unstealthy
A: unfitting armour, cold-blooded, AC +5
a: no special abilities


You were on level 5 of the Dungeon.
You were not hungry.

You visited 1 branch of the dungeon, and saw 5 of its levels.

You collected 109 gold pieces.

Inventory:

Hand Weapons
 a - a +0 war axe (weapon)
Armour
 b - a +0 hat (worn)
 j - a +0 pair of boots (worn)
Scrolls
 i - a scroll of immolation {unknown}
Comestibles
 c - a slice of pizza
 d - 2 bread rations
 f - 3 meat rations
 g - a beef jerky


   Skills:
 + Level 3.7 Fighting
 * Level 5.1 Axes
 - Level 1.7 Throwing
 + Level 3.8 Dodging


You had 4 spell levels left.
You didn't know any spells.

Dungeon Overview and Level Annotations

Branches:
Dungeon (5/15)
 Temple: D:4-7

Altars:
Nemelex Xobeh
Xom

Annotations:
D:3 Natasha, Sigmund
D:5 Eustachio


Innate Abilities, Weirdness & Mutations

Your plain brown scales are hard (AC +5).
Your body does not fit into most forms of armour.
You are cold-blooded and may be slowed by cold attacks.


Message History

Unknown command.
You hit Eustachio but do no damage.
Eustachio is severely wounded.
The centaur shoots an arrow.
The arrow completely misses the bat.
The arrow closely misses Eustachio.
The arrow misses you.
Eustachio asks, "How can you live without manners, virtues and honour?"
Eustachio completely misses you.
The centaur shoots an arrow.
The arrow hits the bat!
The bat dies!
The bat's corpse disappears in a puff of smoke!
Unknown command.
The centaur shoots an arrow.
The arrow hits Eustachio.
Eustachio utters an oath, "I will die for my friends!"
Unknown command.
You barely miss Eustachio.
Eustachio is severely wounded.
You flicker for a moment.
The centaur shoots an arrow.
The arrow completely misses Eustachio.
The arrow hits you!
You die...

## .# ###### .#
#....# .#
#####.##.####.###...
#.((()(c((.@@.(..[..
#.###.#..####.###...
#. #.#### ... @h #..
###.. ##5 #### .# 55
# .. ..


You could see Eustachio and a centaur.

Vanquished Creatures
  An ogre (D:5)
  A centaur (D:3)
  Terence (D:2)
  An orc priest (D:3)
  4 adders
  2 adder skeletons (D:4)
  4 orcs
  2 bats (D:2)
  A goblin (D:2)
  3 giant cockroaches
  A giant gecko (D:4)
  2 giant newts
  A kobold (D:2)
24 creatures vanquished.

Vanquished Creatures (others)
  A hound (D:5)
  An adder (D:5)
2 creatures vanquished.

Grand Total: 26 creatures vanquished

Notes
Turn   | Place    | Note
--------------------------------------------------------------
     0 | D:1      | 4thArraOfDagon the Draconian Gladiator began the quest for the Orb.
     0 | D:1      | Reached XP level 1. HP: 17/17 MP: 1/1
    60 | D:2      | Noticed Terence
    73 | D:2      | Reached XP level 2. HP: 22/25 MP: 2/2
    91 | D:2      | Killed Terence
    91 | D:2      | Reached XP level 3. HP: 19/30 MP: 3/3
   167 | D:2      | Found a shimmering altar of Xom.
   213 | D:3      | Noticed Sigmund
   309 | D:2      | Reached skill level 4 in Axes
   364 | D:3      | Reached XP level 4. HP: 25/37 MP: 4/4
   365 | D:3      | Noticed a centaur
   385 | D:3      | Killed a centaur
   385 | D:3      | Reached XP level 5. HP: 35/45 MP: 5/5
   583 | D:3      | Found a sparkling altar of Nemelex Xobeh.
   624 | D:3      | Noticed Natasha
   679 | D:5      | Entered Level 5 of the Dungeon
   684 | D:5      | Noticed an ogre
   684 | D:5      | Noticed a centaur
   689 | D:5      | Noticed Eustachio
   721 | D:5      | Killed an ogre
   721 | D:5      | Reached skill level 5 in Axes
   730 | D:5      | Shot with an arrow by a centaur

Vault maps used:
D:1:      enne_arrival_octagon_isle
D:2:      nicolae_overflow_crystal_walls, first_bread, uniq_terence
D:3:      nemelex_deck, uniq_sigmund, uniq_natasha
D:4:      overflow_temple_1_default, serial_bayou_pond_d, serial_bayou_pond_b
D:5:      uniq_eustachio, uniq_grinder

Action                   |  1- 3 |  4- 6 || total
-------------------------+-------+-------++-------
Melee: War axe           |    57 |    49 ||   106
Throw: Throwing net      |     4 |     2 ||     6
Evoke: Deck              |       |     8 ||     8
  Use: Potion            |       |     6 ||     6
 Stab: Sleeping          |     1 |       ||     1
       Held in net/web   |     3 |       ||     3
       Invisible         |       |     3 ||     3
